 Dungeon Crawl Stone Soup version 0.28-a0-863-g8cecda6153 (webtiles) character file.

Game seed: 15228071573462660396

159 AvatarAndi78 the Skirmisher (level 5, -1/48 HPs)
             Began as a Minotaur Berserker on Nov 18, 2021.
             Was a Believer of Trog.
             Slain by an orc priest (3 damage)
             ... on level 3 of the Dungeon.
             The game lasted 00:03:09 (2130 turns).

AvatarAndi78 the Skirmisher (Minotaur Berserker)    Turns: 2130, Time: 00:03:10

Health: -1/48      AC:  9    Str: 21    XL:     5   Next: 17%
Magic:  4/4        EV:  8    Int:  4    God:    Trog [**....]
Gold:   68         SH:  0    Dex: 11    Spells: 4/4 levels left

rFire   . . .      SeeInvis .   a - +0 hand axe
rCold   . . .      Faith    .   (no shield)
rNeg    . . .      Spirit   .   e - +0 chain mail
rPois   .          Reflect  .   (helmet restricted)
rElec   .          Harm     .   (no cloak)
rCorr   .          Rampage  .   (no gloves)
Will    .....                   (no boots)
Stlth   ..........              (no amulet)
HPRegen 0.16/turn               (no ring)
MPRegen 0.09/turn               (no ring)

@: no status effects
A: horns 2, retaliatory headbutt
a: Renounce Religion, Berserk, Trog's Hand


You were on level 3 of the Dungeon.
You worshipped Trog.
Trog was pleased with you.
You visited 1 branch of the dungeon, and saw 3 of its levels.

You collected 68 gold pieces.

Inventory:

Hand Weapons
 a - a +0 hand axe (weapon)
Armour
 e - a +0 chain mail (worn)
Scrolls
 d - a scroll of magic mapping {unknown}
 g - a scroll of blinking {unknown}
 h - a scroll of enchant weapon {unknown}
Potions
 b - a potion of brilliance {unknown}
 c - a potion of curing {unknown}
 f - 2 potions of attraction {unknown}
 i - a potion of flight {unknown}


   Skills:
 + Level 5.4 Fighting
 + Level 4.9 Axes
 + Level 3.3 Armour
 + Level 2.8 Dodging
 + Level 0.1 Stealth


You had 4 spell levels left.
You didn't know any spells.
Your spell library was empty.

Dungeon Overview and Level Annotations

Branches:
Dungeon (3/15)

Altars:

Shops:
D:1 (


Innate Abilities, Weirdness & Mutations

You have a pair of horns on your head.
You reflexively headbutt those who attack you in melee.


Message History

Trog accepts your kill.
You closely miss the orc. You hit the orc. The orc barely misses you. x2
You furiously retaliate!
You headbutt the orc!
You kill the orc!
Trog accepts your kill. The orc hits you but does no damage.
You closely miss the orc. You headbutt the orc.
The orc is heavily wounded.
You hit the orc. The orc hits you with a +0 hand axe.
You hit the orc priest. Your headbutt misses the orc priest.
The orc priest is heavily wounded.
You hit the orc.
You kill the orc!
Trog accepts your kill.
You hit the orc.
You kill the orc!
Trog accepts your kill.
The orc priest calls down the wrath of Beogh upon you.
Pain shoots through your body!
You barely miss the orc priest.
The orc priest is heavily wounded.
The orc priest calls down the wrath of Beogh upon you.
Pain shoots through your body!
* * * LOW HITPOINT WARNING * * *
You barely miss the orc priest.
The orc priest is heavily wounded.
The orc priest hits you with a +0 mace.
* * * LOW HITPOINT WARNING * * *
You hit the orc priest but do no damage.
The orc priest is heavily wounded.
The orc priest looks encouraged for a moment.
Unknown command.
You barely miss the orc priest.
The orc priest is heavily wounded.
The orc priest hits you with a +0 mace.
* * * LOW HITPOINT WARNING * * *
You hit the orc priest.
The orc priest is heavily wounded.
The orc priest hits you with a +0 mace.
You die...

#........####
♣.♣.........# ♣
♣.........#
♣###......#########
#......##......#+#
#......##.........
#......# .........
♣.....♣.♣.♣#♣)♣......
♣.###.#..)..)@o...# ♣
#.♣.♣.♣.♣)♣...#
#.#...........#
♣.♣.♣.♣.♣####
.........#
#.♣.♣.♣.♣.♣
#.........#
##♣#♣#♣#♣#♣


You could see an orc priest.

Vanquished Creatures
  A centaur skeleton (D:3)
  Jessica (D:3)
  5 adders (D:2)
  A worm (D:2)
  A dart slug (D:2)
  4 orcs (D:3)
  7 bats
  An endoplasm (D:1)
  4 giant cockroaches
  4 goblins (D:2)
  4 hobgoblins
  8 jackals (D:1)
  6 kobolds
  A ball python (D:1)
  2 frilled lizards
  3 rats
53 creatures vanquished.

Notes
Turn   | Place    | Note
-------+----------+-------------------------------------------
     0 | D:1      | AvatarAndi78 the Minotaur Berserker began the quest for the
                  | Orb.
     0 | D:1      | Reached XP level 1. HP: 19/19 MP: 0/0
   249 | D:1      | Reached skill level 4 in Fighting
   251 | D:1      | Reached XP level 2. HP: 25/27 MP: 1/1
   612 | D:1      | Found Kateruf's Antique Weapon Shop.
   779 | D:1      | Reached ** piety under Trog
  1019 | D:2      | Reached XP level 3. HP: 34/34 MP: 2/2
  1283 | D:2      | Reached skill level 5 in Fighting
  1512 | D:2      | Reached XP level 4. HP: 39/42 MP: 3/3
  1973 | D:3      | Noticed Jessica
  1984 | D:3      | Killed Jessica
  1985 | D:3      | Reached XP level 5. HP: 27/48 MP: 4/4
  2129 | D:3      | HP: 1/48 [orc priest (4)]
  2130 | D:3      | Slain by an orc priest

Illustrated notes

Levels and vault maps discovered:
D:1:      psy_arrival_radial02, layout_basic, serial_shops, shop, hex_medium
D:2:      layout_loops_ring, minmay_misc_feat_chi
D:3:      minmay_octagon_keep, layout_basic, serial_forest,
          infiniplex_forest_lined_room_3, infiniplex_forest_corner_1,
          infiniplex_forest_clump_C, infiniplex_forest_lined_ring,
          infiniplex_forest_straight_3, infiniplex_forest_lined_corner,
          infiniplex_forest_lined_room_2, infiniplex_forest_corner_1,
          uniq_jessica

Skill      XL: |  1  2  3  4 |
---------------+-------------+-----
Fighting       | 4 5 |  5.4
Axes           | 4 |  4.9
Armour         | 3 |  3.3
Dodging        | |  2.8
Stealth        | |  0.1

Action                   |  1- 3 |  4- 6 || total
-------------------------+-------+-------++-------
Melee: Hand axe          |    91 |    45 ||   136
       Headbutt          |    15 |     9 ||    24
Armor: Animal skin       |     9 |       ||     9
       Chain mail        |    55 |    27 ||    82
Dodge: Dodged            |    50 |    17 ||    67

Table legend: (Time is in decaauts)
 A = Elapsed time spent in this place.
 B = Non-inter-level travel time spent in this place.
 C = Inter-level travel time spent in this place.
 D = Time resting spent in this place.
 E = Time spent auto-exploring this place.
 F = Levels seen in this place.
 G = Mean time per level.
                   A        B        C        D        E       F      G
               +--------+--------+--------+--------+--------+-----+--------+
         Total |   2141 |   2042 |     99 |      0 |   1733 |   3 |  713.7 |
       Dungeon |   2141 |   2042 |     99 |      0 |   1733 |   3 |  713.7 |
               +--------+--------+--------+--------+--------+-----+--------+

Top non-repeatable levels by time:
     D:1: 991 daAuts
     D:2: 980 daAuts
     D:3: 170 daAuts
